 Dungeon Crawl Stone Soup version 0.31-a0-214-gb37851dbb3 (webtiles) character file.

Game seed: 1272261219751136973

174 qw the Shooter (level 5, -3/45 HPs)
             Began as a Minotaur Hexslinger on July 1, 2023.
             Was an Initiate of Okawaru.
             Slain by Edmund
             ... wielding a +7 flail of protection
              (12 damage)
             ... on level 4 of the Dungeon.
             The game lasted 00:01:12 (2264 turns).

qw the Shooter (Minotaur Hexslinger)                Turns: 2264, Time: 00:01:13

Health: -3/45      AC:  5    Str: 11 (12) XL:     5   Next: 28%
Magic:  5/5        EV: 17    Int:  9 (10) God:    Okawaru [......]
Gold:   13         SH:  0    Dex: 15      Spells: 5/6 levels left

rFire   . . .        Y - +1 sling
rCold   . . .        (no shield)
rNeg    + . .        g - +2 robe of Duck's Teeth {rN+}
rPois   +            (helmet restricted)
rElec   .            (no cloak)
rCorr   .            n - +0 pair of gloves
SInv    .            (no boots)
Will    .....        (no amulet)
Stlth   +            j - +5 ring of evasion
HPRegen 0.27/turn    k - ring of poison resistance
MPRegen 0.09/turn

%: no passive effects
@: about to teleport
A: horns 2, retaliatory headbutt
a: Renounce Religion


You were on level 4 of the Dungeon.
You worshipped Okawaru.
Okawaru was noncommittal.
You visited 2 branches of the dungeon, and saw 5 of its levels.

You collected 185 gold pieces.
You spent 172 gold pieces at shops.


Innate Abilities, Weirdness & Mutations

You have a pair of horns on your head.
You reflexively headbutt those who attack you in melee.


   Skills:
 - Level 3.0 Fighting
 + Level 5.3 Ranged Weapons
 - Level 1.0 Armour
 - Level 2.1 Dodging
 - Level 1.0 Spellcasting
 - Level 2.0 Hexes


You had 5 spell levels left.
You knew the following spells:

 Your Spells              Type           Power      Damage    Failure   Level
a - Slow                  Hex            16%        N/A       16%         1

Your spell library contained the following spells:

 Spells                   Type           Power      Damage    Failure   Level
 Inner Flame              Hex/Fire       2%         N/A       58%         3
 Portal Projectile        Hex/Tloc       4%         N/A       58%         3
 Cause Fear               Hex            2%         N/A       85%         4

Inventory:

Hand Weapons
 Y - a +1 sling (weapon)
Armour
 g - the +2 robe of Duck's Teeth (worn) {rN+}
   (You found it on level 3 of the Dungeon)

   rN:        It protects you from negative energy.
 n - a +0 pair of gloves (worn)
Jewellery
 b - a ring of willpower
 e - a ring of protection from fire
 j - a +5 ring of evasion (left hand)
 k - a ring of poison resistance (right hand)
Scrolls
 m - 2 scrolls of identify
Potions
 a - a potion of enlightenment
 c - 6 potions of curing
 f - a potion of heal wounds

Dungeon Overview and Level Annotations

Branches:
Dungeon (4/15)             Temple (1/1) D:4

Altars:
Ashenzari
Cheibriados
Dithmenos
Fedhas
Gozag
Hepliaklqana
Makhleb
Nemelex Xobeh
Okawaru
Qazlal
Ru
Sif Muna
Trog
Uskayaw
Vehumet
Xom
Zin
The Shining One

Shops:
D:3 (:?=!   D:4 (!:

Annotations:
D:4 Edmund


Message History

c - 5 potions of curing (gained 1) Thank you for shopping at Nalehas's Distillery!
2251 ||| BUYING potion of curing (39 gold).
c - 6 potions of curing (gained 1) Thank you for shopping at Nalehas's Distillery!
2251 ||| SHOPLISTING potion of curing (39 gold, have 13).
You can access your shopping list by pressing '$'.
2251 ||| SHOPLISTING potion of heal wounds (65 gold, have 13).
You can access your shopping list by pressing '$'.
2251 ||| SHOPLISTING potion of might (52 gold, have 13).
You can access your shopping list by pressing '$'.
Edmund the Younger comes into view.
He is wielding a +7 flail of protection.
Edmund shouts!
There is an entrance to Koon's Antique Weapon Shop here.
2255 ||| SHOPLISTING glowing arbalest (127 gold, have 13).
You can access your shopping list by pressing '$'.
You shoot a sling bullet.
The sling bullet hits Edmund but does no damage.
You shoot a sling bullet. The sling bullet closely misses Edmund.
You shoot a sling bullet. The sling bullet hits Edmund.
Edmund is lightly wounded.
You shoot a sling bullet. The sling bullet hits Edmund!
Edmund is moderately wounded.
You shoot a sling bullet. The sling bullet hits Edmund.
Edmund is moderately wounded.
Edmund hits you with a +7 flail of protection.
You shoot a sling bullet. The sling bullet barely misses Edmund.
Edmund hits you with a +7 flail of protection!
You shoot a sling bullet. The sling bullet barely misses Edmund.
Edmund closely misses you.
You shoot a sling bullet. The sling bullet closely misses Edmund.
Edmund hits you with a +7 flail of protection!
You shoot a sling bullet. The sling bullet hits Edmund.
Edmund is moderately wounded.
Edmund hits you with a +7 flail of protection!
2264 ||| READING scroll of teleportation.
As you read the scroll of teleportation, it crumbles to dust.
You feel strangely unstable.
Edmund hits you with a +7 flail of protection!
You die...

*,,,*,*,,,***,,,,,*****,,,,,,
*,*,*,#..,* *.....* ******,,
*,,,*,#...###....,* **,,.#**,
**,,*+#...#.....#,#**,,,,.*,*
*,,,.....#.....#.#*,*,,,#.,,
*,,,......)....#.#*,*####.,,
***,.............##.#...#..,
*,......@......###.....#.#
*,.......@.....####...###.
**##........##.###.###.#..
#........##.##...#...#.
#......#.##.##...#...##
#.......\....#[).#..%#.
###..###.#...?#.###.#).
##.*##......##...###.
##.####.....#.....#.#
#............#...#...


You could see Edmund.

Vanquished Creatures
  8 gnolls
  An adder (D:2)
  3 worms (D:2)
  3 dart slugs
  2 orcs
  5 endoplasms
  4 giant cockroaches
  7 goblins
  A hobgoblin (D:1)
  2 jackals (D:1)
  5 quokkas
  6 ball pythons
  7 bats
  A frilled lizard (D:1)
  10 kobolds
  9 rats
74 creatures vanquished.

Notes
Turn   | Place    | Note
-------+----------+-------------------------------------------
     0 | D:1      | qw the Minotaur Hexslinger began the quest for the Orb.
     0 | D:1      | Reached XP level 1. HP: 16/16 MP: 1/1
     0 | D:1      | 0 ||| qw: Version: 0.3-a-32-g5962c71
     0 | D:1      | 0 ||| qw: Game counter: 7634
     0 | D:1      | 0 ||| qw: Melee chars always use a shield: true
     0 | D:1      | 0 ||| qw: God list: Okawaru
     0 | D:1      | 0 ||| qw: Allow faded altars: false
     0 | D:1      | 0 ||| qw: Do Orc after clearing Dungeon:15 true
     0 | D:1      | 0 ||| qw: Do second Lair branch before Depths: true
     0 | D:1      | 0 ||| qw: Lair rune preference: random
     0 | D:1      | 0 ||| qw: Goals: Normal
     0 | D:1      | 0 ||| PLANNING D:1-11
    71 | D:1      | 71 ||| FLEEEEING.
    79 | D:1      | Reached skill level 3 in Ranged Weapons
    83 | D:1      | Reached XP level 2. HP: 23/23 MP: 2/2
   343 | D:1      | Reached XP level 3. HP: 29/29 MP: 3/3
   509 | D:1      | 509 ||| UPGRADING to ring of protection from fire.
   510 | D:1      | 510 ||| UPGRADING to ring of willpower.
   511 | D:1      | 511 ||| READING scroll labelled WYAHIAGUOR.
   512 | D:1      | 512 ||| DROPPING scroll of poison.
   573 | D:2      | Found a shimmering altar of Xom.
   588 | D:2      | Reached skill level 4 in Ranged Weapons
   954 | D:2      | 954 ||| UPGRADING to +0 ring mail.
   964 | D:2      | 964 ||| DROPPING +0 robe.
   965 | D:2      | 965 ||| UPGRADING to +0 pair of gloves.
   970 | D:2      | 970 ||| DROPPING amulet of magic regeneration.
   971 | D:2      | 971 ||| UPGRADING to +5 ring of evasion.
   973 | D:2      | 973 ||| UPGRADING to ring of protection from fire.
   975 | D:2      | 975 ||| READING 2 scrolls labelled KEEJELISKE.
   978 | D:2      | 978 ||| READING scroll labelled MELON UROES.
   979 | D:2      | 979 ||| DRINKING 2 amethyst potions.
   980 | D:2      | 980 ||| DROPPING potion of degeneration.
  1000 | D:3      | Found Pet Kiaj's Book Boutique.
  1005 | D:3      | Found Ryqeosey's Weapon Emporium.
  1016 | D:3      | Reached skill level 1 in Armour
  1016 | D:3      | Reached XP level 4. HP: 32/36 MP: 4/4
  1153 | D:3      | Found a sparkling altar of Nemelex Xobeh.
  1213 | D:3      | Reached skill level 5 in Ranged Weapons
  1225 | D:3      | Found a sacrificial altar of Ru.
  1255 | D:3      | Found Faoxtush's Distillery.
  1260 | D:3      | 1260 ||| BUYING potion of curing (36 gold).
  1260 | D:3      | Bought a potion of curing for 36 gold pieces
  1260 | D:3      | 1260 ||| BUYING potion of curing (36 gold).
  1260 | D:3      | Bought a potion of curing for 36 gold pieces
  1260 | D:3      | 1260 ||| SHOPLISTING potion of enlightenment (60 gold, have
                  | 36).
  1260 | D:3      | 1260 ||| SHOPLISTING potion of haste (120 gold, have 36).
  1270 | D:3      | Found a snail-covered altar of Cheibriados.
  1347 | D:3      | Identified the +2 robe of Duck's Teeth {rN+}
  1394 | D:3      | Found Walassog's Jewellery Emporium.
  1406 | D:3      | 1406 ||| SHOPLISTING +4 ring of protection (360 gold, have
                  | 41).
  1406 | D:3      | 1406 ||| SHOPLISTING amulet of faith (400 gold, have 41).
  1406 | D:3      | 1406 ||| SHOPLISTING amulet of reflection (300 gold, have
                  | 41).
  1406 | D:3      | 1406 ||| SHOPLISTING ring of positive energy (200 gold,
                  | have 41).
  1428 | D:3      | Found Haluoc's Magic Scroll Shop.
  1437 | D:3      | 1437 ||| BUYING scroll of identify (22 gold).
  1437 | D:3      | Bought a scroll of identify for 22 gold pieces
  1437 | D:3      | 1437 ||| SHOPLISTING scroll of identify (22 gold, have 19).
  1437 | D:3      | 1437 ||| SHOPLISTING scroll of teleportation (33 gold, have
                  | 19).
  1437 | D:3      | Found a faded altar of an unknown god.
  1573 | D:3      | 1573 ||| UPGRADING to +2 robe of Duck's Teeth {rN+}.
  1583 | D:3      | 1583 ||| DROPPING +0 ring mail.
  1584 | D:3      | 1584 ||| READING 5 scrolls of identify.
  1584 | D:3      | 1584 ||| IDENTIFYING sapphire potion
  1585 | D:3      | 1585 ||| READING 4 scrolls of identify.
  1585 | D:3      | 1585 ||| IDENTIFYING green potion
  1586 | D:3      | 1586 ||| READING 3 scrolls of identify.
  1586 | D:3      | 1586 ||| IDENTIFYING fuming orange potion
  1587 | D:3      | 1587 ||| DROPPING potion of berserk rage.
  1588 | D:3      | 1588 ||| DROPPING potion of lignification.
  1739 | D:4      | Reached skill level 3 in Fighting
  1739 | D:4      | Reached XP level 5. HP: 41/45 MP: 5/5
  1749 | D:4      | HP: 9/45 [gnoll/+0 halberd (5)]
  1750 | D:4      | 1750 ||| READING 2 scrolls of teleportation.
  1963 | D:4      | Found Xyowehati's Book Emporium.
  2178 | D:4      | Found Nalehas's Distillery.
  2178 | D:4      | Found a staircase to the Ecumenical Temple.
  2179 | D:4      | 2179 ||| PLANNING TEMPLE
  2179 | D:4      | 2179 ||| UPGRADING to ring of poison resistance.
  2181 | D:4      | 2181 ||| READING 2 scrolls labelled MEYQAV UQUY.
  2182 | D:4      | 2182 ||| READING scroll labelled RUAGRE OROEKKOSH.
  2182 | D:4      | Found Koon's Antique Weapon Shop.
  2183 | D:4      | 2183 ||| READING scroll labelled SAREN VACICOMN.
  2184 | D:4      | 2184 ||| READING 3 scrolls of identify.
  2184 | D:4      | 2184 ||| IDENTIFYING lumpy orange potion
  2185 | D:4      | 2185 ||| DROPPING scroll of vulnerability.
  2194 | Temple   | Entered the Ecumenical Temple
  2194 | Temple   | Found a transporter.
  2194 | Temple   | Found a transporter.
  2196 | Temple   | Found a transporter.
  2196 | Temple   | Found a transporter.
  2206 | Temple   | 2206 ||| PLANNING D:1-11
  2209 | Temple   | 2209 ||| PLANNING OKAWARU WORSHIP
  2213 | Temple   | Became a worshipper of Warmaster Okawaru
  2214 | Temple   | 2214 ||| PLANNING D:1-11
  2251 | D:4      | 2251 ||| BUYING potion of curing (39 gold).
  2251 | D:4      | Bought a potion of curing for 39 gold pieces
  2251 | D:4      | 2251 ||| BUYING potion of curing (39 gold).
  2251 | D:4      | Bought a potion of curing for 39 gold pieces
  2251 | D:4      | 2251 ||| SHOPLISTING potion of curing (39 gold, have 13).
  2251 | D:4      | 2251 ||| SHOPLISTING potion of heal wounds (65 gold, have
                  | 13).
  2251 | D:4      | 2251 ||| SHOPLISTING potion of might (52 gold, have 13).
  2254 | D:4      | Noticed Edmund
  2255 | D:4      | 2255 ||| SHOPLISTING glowing arbalest (127 gold, have 13).
  2263 | D:4      | HP: 9/45 [Edmund/+7 flail of protection (7)]
  2264 | D:4      | 2264 ||| READING scroll of teleportation.
  2264 | D:4      | Slain by Edmund

Levels and vault maps discovered:
D:1:      matt_arrival_refuge, layout_rooms, palyth_stone_intersect
D:2:      layout_rooms, basic_altar
D:3:      layout_basic, mainiacjoe_overflow_catwalk_spiral,
          nemelex_diamond_rough_becter, serial_shops,
          nicolae_shop_window_shopping, nicolae_diamond_shop,
          nicolae_lakefront_shop, shop, shop, ebering_ecumenical_altar_ruins,
          st_stairs_9
D:4:      nicolae_cairo_tiling, layout_basic,
          mainiacjoe_overflow_surrounded_room, nzn_wu_jian_council_hall,
          minmay_temple_entry_statues_fountains, serial_shops, shop,
          nicolae_book_shop_shelving, shop, shop, nicolae_shop_crystal,
          uniq_edmund
Temple:   hellmonk_temple_divided_pantheon

Skill      XL: |  1  2  3  4 |
---------------+-------------+-----
Ranged Weapons | 3 4 5 |  5.3
Fighting       | 2 3 |  3.0
Armour         | 1 |  1.0
Dodging        | |  2.1
Spellcasting   | |  1.0
Hexes          | |  2.0

Action                     |  1- 3 |  4- 6 || total
---------------------------+-------+-------++-------
   Fire: Sling             |   127 |   124 ||   251
    Use: Scroll            |     3 |     9 ||    12
         Potion            |     1 |       ||     1
 Armour: Robe              |     8 |     6 ||    14
         Ring mail         |     3 |    15 ||    18
  Dodge: Dodged            |    30 |    74 ||   104

Table legend:
 A = Non-vault XP
 B = Vault XP
 C = Vault XP percentage of total XP
 D = Non-vault monster count
 E = Vault monster count
 F = Vault count percentage of total count
                 A         B        C        D         E       F
            +---------+---------+-------+---------+---------+-------
      Total |     245 |       4 |   1.6 |      72 |       2 |   2.7
            +---------+---------+-------+---------+---------+-------
        D:1 |      50 |       0 |   0.0 |      29 |       0 |   0.0
        D:2 |      41 |       0 |   0.0 |      11 |       0 |   0.0
        D:3 |      78 |       4 |   4.9 |      17 |       2 |  10.5
        D:4 |      76 |       0 |   0.0 |      15 |       0 |   0.0
            +---------+---------+-------+---------+---------+-------
